 Dungeon Crawl Stone Soup version 0.20.1-1-g8b1a95d (webtiles) character file.

1357 bobthegiant the Slicer (level 8, 50/57 HPs)
             Began as a Kobold Berserker on Dec 17, 2017.
             Was a Priest of Trog.
             Quit the game on level 5 of the Dungeon.
             The game lasted 00:21:19 (4441 turns).

bobthegiant the Slicer (Kobold Berserker)           Turns: 4441, Time: 00:21:20

Health: 50/57      AC:  8    Str: 16    XL:     8   Next: 95%
Magic:  7/7        EV: 14    Int:  8    God:    Trog [***...]
Gold:   169        SH:  0    Dex: 15    Spells: 7/7 levels left

rFire    . . .     SeeInvis .   H - +0 dagger (drain)
rCold    . . .     Gourm    .   (shield restricted)
rNeg     . . .     Faith    .   u - +0 leather armour {MR+}
rPois    .         Spirit   .   j - +0 helmet
rElec    .         Reflect  .   C - +0 cloak
rCorr    .         Harm     .   o - +2 pair of gloves
MR       +....     Rnd*Rage +   (no boots)
Stlth    ++++......             (no amulet)
Regen    0.2/turn               (no ring)
MPRegen  0.1/turn               (no ring)

@: berserk cooldown, slowed, drained, very slow
A: berserk 1, carnivore 3, low mp 1, robust 1, screaming 1
a: Berserk, Trog's Hand, Burn Spellbooks, Renounce Religion


You were on level 5 of the Dungeon.
You worshipped Trog.
Trog was most pleased with you.
You were very full.

You visited 1 branch of the dungeon, and saw 5 of its levels.

You collected 169 gold pieces.

Inventory:

Hand Weapons
 a - a +0 short sword
 t - a +0 rapier
 x - a +0 short sword of venom
 y - a +0 blowgun
 H - a +0 dagger of draining (weapon)
 J - a +2 dagger of freezing
Missiles
 k - 83 stones (quivered)
 A - 18 poisoned needles
Armour
 b - a +0 animal skin
 j - a +0 helmet (worn)
 o - a +2 pair of gloves (worn)
 u - a +0 leather armour of magic resistance (worn)
 C - a +0 cloak (worn)
Wands
 v - a wand of flame (18/48)
Scrolls
 d - 3 scrolls of remove curse {unknown}
 e - 5 scrolls of identify {unknown}
 h - a scroll of immolation {unknown}
 l - a scroll of amnesia {unknown}
 r - 3 scrolls of teleportation {unknown}
 s - 2 scrolls of fog {unknown}
 w - a scroll of blinking {unknown}
 I - a scroll of recharging {unknown}
 K - a scroll of magic mapping {unknown}
Potions
 f - a potion of brilliance {unknown}
 g - 2 potions of ambrosia {unknown}
 n - 3 potions of agility {unknown}
 p - a potion of mutation {unknown}
 q - a potion of degeneration {unknown}
 z - a potion of might {unknown}
 B - a potion of lignification {unknown}
 F - a potion of heal wounds {unknown}
 G - a potion of haste {unknown}
Books
 m - a book of Changes

   Spells                             Type                      Level
   a - Beastly Appendage              Transmutation                1
   b - Sticks to Snakes               Transmutation                2
   c - Spider Form                    Transmutation/Poison         3
   d - Ice Form                       Ice/Transmutation            4
   e - Blade Hands                    Transmutation                5
   Trog disapproves of the use of such an item.
Comestibles
 c - a meat ration


   Skills:
 + Level 6.6(5.9) Fighting
 + Level 9.2(8.5) Short Blades
 - Level 1.5(0.9) Armour
 - Level 2.4(1.8) Dodging
 - Level 8.7(8.0) Stealth


You had 7 spell levels left.
You didn't know any spells.

Dungeon Overview and Level Annotations

Branches:
Dungeon (5/15)
 Temple: D:4-7

Altars:

Shops:
D:5 :


Innate Abilities, Weirdness & Mutations

You are small and have problems with some larger weapons.
You are carnivorous and can eat meat at any time.
You tend to lose your temper in combat.
Your magical capacity is low. (-10% MP)
You are robust. (+10% HP)
You occasionally shout uncontrollably at your foes.


Message History

The shadow imp hits you but does no damage.
You puncture the shadow imp!
You kill the shadow imp!
Trog accepts your kill.
You feel a strong urge to attack something.
You are no longer berserk.
You are exhausted.
You feel yourself slow down.
Things that are here:
a rapier; a leather armour; the human corpse of Eustachio
t - a rapier
There is an escape hatch in the ceiling here.
Eating a chunk of flesh.
You eat the chunk of flesh.
This raw flesh tastes great.
There is an escape hatch in the ceiling here.
Found a ring mail.
Welcome back, bobthegiant the Kobold Berserker.
Trog says: Kill them all!
Press ? for a list of commands and other information.
Are you sure you want to abandon this character and quit the game? (Confirm with "yes".)

.##.##...###.###.#####.##..#.
.##......###[# #.# ..##..#..
O#.........#.# #.# ... ... ..
.#......##.#.###.# ....
....###.##.......# ....
#.#.....####.##..# #.####
.∩..##..####<##..#
#.#..........##..#
....##...######.@# +#..##...#
#......... ....###..## ##.#...[..
........... ..#......
..#.############## .....
..#.............^################
.##.....[.......)..............[#
. #............"..#############.#
. #........####'#.##### #....#


There were no monsters in sight!

Vanquished Creatures
  Grinder (D:3)
  Eustachio (D:5)
  The ghost of ceb the Bolt Thrower, an amateur DsHu (D:3)
  A sky beast (D:5)
  An ogre (D:5)
  A bullfrog (D:4)
  A jelly (D:5)
  Crazy Yiuf (D:3)
  3 orc priests (D:4)
  5 orc wizards (D:4)
  Natasha (thrice) (D:2)
  4 worker ants (D:4)
  2 hound skeletons
  A howler monkey skeleton (D:4)
  7 adders
  A shadow imp (D:5)
  2 oozes
  4 worms
  2 leopard geckos
  14 orcs
  5 bats
  7 giant cockroaches
  6 goblins
  4 hobgoblins
  A quokka (D:3)
  3 frilled lizards
  7 kobolds
  A leopard gecko skeleton (D:5)
  5 rats
95 creatures vanquished.

Notes
Turn   | Place    | Note
-------+----------+-------------------------------------------
     0 | D:1      | bobthegiant the Kobold Berserker began the quest for the Orb.
     0 | D:1      | Reached XP level 1. HP: 14/14 MP: 1/1
    14 | D:1      | Reached skill level 1 in Stealth
   185 | D:1      | Reached XP level 2. HP: 18/19 MP: 2/2
   574 | D:2      | Noticed Natasha
   581 | D:2      | Killed Natasha
   581 | D:2      | Reached XP level 3. HP: 23/23 MP: 3/3
   582 | D:2      | Reached skill level 5 in Short Blades
   598 | D:2      | Reached XP level 4. HP: 25/28 MP: 4/4
   830 | D:2      | Reached ** piety under Trog
   935 | D:2      | Noticed Natasha
   939 | D:2      | Killed Natasha
   939 | D:2      | Reached XP level 5. HP: 32/32 MP: 5/5
  1309 | D:2      | Noticed Natasha
  1325 | D:2      | Killed Natasha
  1325 | D:2      | Reached skill level 6 in Short Blades
  1710 | D:3      | Found a runed door.
  1714 | D:3      | Noticed Crazy Yiuf
  1723 | D:3      | Killed Crazy Yiuf
  1723 | D:3      | Reached skill level 5 in Stealth
  2101 | D:3      | Noticed ceb's ghost (amateur DsHu)
  2111 | D:3      | Killed ceb's ghost
  2111 | D:3      | Reached XP level 6. HP: 38/38 MP: 6/6
  2506 | D:3      | Noticed Grinder
  2516 | D:3      | Paralysed by Grinder for 7 turns
  2517 | D:3      | Killed Grinder
  2517 | D:3      | Reached skill level 7 in Short Blades
  2517 | D:3      | Reached XP level 7. HP: 44/44 MP: 7/7
  2958 | D:4      | Reached skill level 5 in Fighting
  3143 | D:4      | Reached XP level 8. HP: 42/49 MP: 8/8
  3248 | D:4      | Reached skill level 8 in Short Blades
  3511 | D:4      | Reached *** piety under Trog
  4004 | D:5      | Entered Level 5 of the Dungeon
  4091 | D:5      | Gained mutation: You occasionally shout uncontrollably at your foes. [mutagenic meat]
  4092 | D:5      | Gained mutation: You tend to lose your temper in combat. [mutagenic meat]
  4093 | D:5      | Gained mutation: You are robust. (+10% HP) [mutagenic meat]
  4094 | D:5      | Gained mutation: Your magical capacity is low. (-10% MP) [mutagenic meat]
  4098 | D:5      | Found Kest's Book Shop.
  4121 | D:5      | Noticed Eustachio
  4406 | D:5      | Killed Eustachio
  4406 | D:5      | Reached skill level 9 in Short Blades
  4441 | D:5      | Quit the game

Skill      XL: |  1  2  3  4  5  6  7  8 |
---------------+-------------------------+-----
Stealth        | 1 3 4 5 6 7 8 |  8.7
Short Blades   | 5 6 7 9 |  9.2
Fighting       | 4 5 6 |  6.6
Armour         | |  1.5
Dodging        | |  2.4

Action                   |  1- 3 |  4- 6 |  7- 9 || total
-------------------------+-------+-------+-------++-------
Melee: Short sword       |    40 |   123 |    78 ||   241
       Dagger            |       |       |    90 ||    90
Invok: Berserk           |     3 |    10 |     7 ||    20
       Trog's Hand       |       |       |     1 ||     1
 Stab: Sleeping          |       |     8 |     8 ||    16
  Eat: Chunk             |     7 |    18 |    17 ||    42
Armor: Animal skin       |     4 |    11 |       ||    15
       Leather armour    |       |     5 |    44 ||    49
Dodge: Dodged            |    32 |    87 |   106 ||   225
